 Dungeon Crawl Stone Soup version 0.27-a0-1065-ge809cff456 (webtiles) character file.

Game seed: 17756524290216327600

2730 rageheart7 the Fighter (level 9, 0/106 HPs)
             Began as an Ogre Hunter on Apr 23, 2021.
             Was a Priest of Okawaru.
             Succumbed to a killer bee's poison
             ... on level 7 of the Dungeon.
             The game lasted 00:16:31 (10168 turns).

rageheart7 the Fighter (Ogre Hunter)               Turns: 10168, Time: 00:16:31

Health: 0/106      AC:  7    Str: 20 (21) XL:     9   Next: 67%
Magic:  9/9        EV: 13    Int: 10 (12) God:    Okawaru [***...]
Gold:   389        SH:  0    Dex:  9 (11) Spells: 8/8 levels left

rFire    . . .     SeeInvis +   l - +3 mace
rCold    . . .     Faith    .   (no shield)
rNeg     . . .     Spirit   .   b - +1 robe
rPois    .         Reflect  .   (helmet restricted)
rElec    .         Harm     .   c - +2 cloak
rCorr    .         Rampage  .   (gloves unavailable)
Will     .....                  (boots unavailable)
Stlth    +.........             (no amulet)
HPRegen  0.27/turn              f - +4 ring of evasion
MPRegen  0.11/turn              p - ring of flight

@: lethally poisoned (0 -> -3), flying, studying Armour
A: large, unfitting armour, tough skin 1, horns 1, see invisible, agile 1
a: Renounce Religion, Heroism


You were on level 7 of the Dungeon.
You worshipped Okawaru.
Okawaru was most pleased with you.
You visited 2 branches of the dungeon, and saw 9 of its levels.
You also visited: Sewer.

You collected 389 gold pieces.

Inventory:

Hand Weapons
 k - a +2 giant spiked club
 l - a +3 mace (weapon)
Missiles
 d - 2 throwing nets
 e - 126 stones (quivered)
 u - 9 large rocks
Armour
 b - a +1 robe (worn)
 c - a +2 cloak (worn)
Jewellery
 f - a +4 ring of evasion (left hand)
 p - a ring of flight (right hand)
 q - a ring of magical power
 w - a ring of magical power
Wands
 v - a wand of iceblast (8)
Scrolls
 g - 4 scrolls of teleportation
 i - a scroll of enchant armour
 s - 2 scrolls of magic mapping
Potions
 a - a potion of flight
 m - 3 potions of attraction


   Skills:
 - Level 12.0 Fighting
 + Level 2.8 Maces & Flails
 - Level 8.0 Throwing
 * Level 5.7 Armour
 - Level 1.7 Dodging
 - Level 0.6 Stealth


You had 8 spell levels left.
You didn't know any spells.
Your spell library contained the following spells:

 Spells                   Type           Power      Damage    Failure   Level
 Magic Dart               Conj           0%         1d3       36%         1
 Summon Small Mammal      Summ           0%         N/A       36%         1
 Blink                    Tloc           N/A        N/A       50%         2
 Call Imp                 Summ           0%         N/A       50%         2
 Slow                     Hex            0%         N/A       50%         2
 Call Canine Familiar     Summ           0%         N/A       75%         3
 Conjure Flame            Conj/Fire      0%         6-21      75%         3
 Mephitic Cloud           Conj/Pois/Air  0%         N/A       75%         3
 Summon Guardian Golem    Hex/Summ       0%         N/A       75%         3
 Summon Ice Beast         Ice/Summ       0%         N/A       98%         4
 Summon Lightning Spire   Summ/Air       0%         N/A       98%         4


Dungeon Overview and Level Annotations

Branches:
Dungeon (8/15)             Temple (1/1) D:5           Sewer (visited)
   Lair: D:8-11

Altars:
Cheibriados
Dithmenos
Elyvilon
Hepliaklqana
Kikubaaqudgha
Nemelex Xobeh
Okawaru
Ru
Sif Muna
Trog
Uskayaw
Wu Jian
Xom
Yredelemnul
Zin
The Shining One

Shops:
D:3 (   D:6 !:(

Annotations:
D:3 3 runed translucent doors, voltaire321's ghost, amateur OpAE


Innate Abilities, Weirdness & Mutations

You are too large for most types of armour.
You have tough skin. (AC +1)
You have a pair of small horns on your head.
You have supernaturally acute eyesight. (SInv)
You are agile. (Dex +2)


Message History

* * * LOW HITPOINT WARNING * * *
You barely miss the killer bee.
The killer bee is severely wounded.
You feel very sick. The killer bee stings you!
* * * LOW HITPOINT WARNING * * *
The killer bee barely misses you.
You closely miss the killer bee.
The killer bee is severely wounded.
* * * LOW HITPOINT WARNING * * *
You feel very sick. The killer bee barely misses you.
The killer bee stings you.
* * * LOW HITPOINT WARNING * * *
The killer bee misses you.
Okay, then.
As you read the scroll of fear, it crumbles to dust.
You assume a fearsome visage.
The killer bee looks frightened!
* * * LOW HITPOINT WARNING * * *
You feel sick.
Okay, then.
Throw: 128 stones
Press: ? - help, Q - select action, (/) - cycle Shift-Dir - straight line, f - killer bee
Aim: a killer bee (severely wounded, fleeing, 42% to hit)
You throw a stone.
The stone hits the killer bee but does no damage.
Your attack snaps the killer bee out of its fear.
The killer bee is severely wounded.
* * * LOW HITPOINT WARNING * * *
You feel sick.
Throw: 127 stones
Press: ? - help, Q - select action, (/) - cycle Shift-Dir - straight line, f/p - killer bee
Aim: a killer bee (severely wounded, fleeing, 42% to hit)
You throw a stone. The stone misses the killer bee.
* * * LOW HITPOINT WARNING * * *
You feel sick.
Unknown command.
There is a lethal amount of poison in your body!
* * * LOW HITPOINT WARNING * * *
You feel sick.
You die...

........##....#.......#≈≈≈≈≈...#
........###'#.#.##.#..≈≈...≈≈..#
............#.#.#[....≈(.☼..≈.##
.[..........#.#.#.)[..≈..°..≈.#
......#####.#.#.###..#≈..(☼.≈##
..#.#.# #.#.#.......≈≈.(.≈≈#
..#.#.# #.#.#####..#.≈≈≈≈≈##
..#.#.# #.#.#####..#.###.##
###.#.# #.#...@..(>#.# #.#
#.#.#####.##########.# #.#
#.#.....#.# #.# #.######
#.#####.#.##### ####.# #<......
#.#...........###....####.#####
#.##.##.#.###.#...............#
#.#..##.#.....#.#.#...[...###.#
#.#.###.#######.#.#.#########.#
#.#.# #.# #...#.##.........


There were no monsters in sight!

Vanquished Creatures
  Sigmund (D:6)
  2 yaks (D:7)
  3 water moccasins
  A black bear (D:7)
  2 ice beasts
  2 ogres
  3 centaurs
  3 bullfrogs
  A gnoll sergeant (D:5)
  2 scorpions (D:4)
  A water moccasin zombie (D:7)
  2 killer bees
  4 wights (D:7)
  A centaur zombie (D:6)
  3 bullfrog zombies
  A centaur skeleton (D:7)
  A gnoll shaman (D:7)
  A hound (D:7)
  A jelly (D:5)
  Ijyb (D:2)
  A scorpion zombie (D:5)
  A killer bee zombie (D:7)
  2 howler monkey skeletons
  11 gnolls
  11 adders
  4 shadow imps
  2 white imps
  An adder skeleton (D:4)
  3 worms
  2 dart slugs
  9 orcs
  3 ball pythons
  8 endoplasms
  6 giant cockroaches
  6 hobgoblins
  2 jackals (Sewer)
  4 quokkas
  5 bats
  4 frilled lizards
  3 goblins
  15 kobolds
  5 rats
144 creatures vanquished.

Vanquished Creatures (others)
  An orc warrior (D:7)
  A centaur (D:7)
  A hound (D:7)
  An iguana (D:7)
  2 orcs (D:7)
  5 toadstools (D:1)
11 creatures vanquished.

Grand Total: 155 creatures vanquished

Notes
Turn   | Place    | Note
-------+----------+-------------------------------------------
     0 | D:1      | rageheart7 the Ogre Hunter began the quest for the Orb.
     0 | D:1      | Reached XP level 1. HP: 22/22 MP: 1/1
   168 | D:1      | Reached skill level 3 in Fighting
   309 | D:1      | Reached XP level 2. HP: 29/31 MP: 2/2
   499 | D:1      | Found a faded altar of an unknown god.
  1058 | D:2      | Reached skill level 4 in Fighting
  1212 | D:2      | Reached XP level 3. HP: 39/39 MP: 3/3
  1879 | D:3      | Reached XP level 4. HP: 42/49 MP: 4/4
  1988 | D:3      | Gained mutation: You are agile. (Dex +2) [potion of
                  | mutation]
  1988 | D:3      | Gained mutation: You have a pair of small horns on your
                  | head. [potion of mutation]
  1988 | D:3      | Gained mutation: You have supernaturally acute eyesight.
                  | (SInv) [potion of mutation]
  2088 | D:3      | Reached skill level 5 in Fighting
  2194 | D:3      | Noticed Ijyb
  2199 | D:3      | Noticed an ogre
  2213 | D:2      | Killed Ijyb
  2461 | D:3      | Killed an ogre
  2462 | D:3      | Reached skill level 6 in Fighting
  2462 | D:3      | Reached skill level 5 in Throwing
  2462 | D:3      | Reached XP level 5. HP: 61/61 MP: 5/5
  2488 | D:3      | Found a runed translucent gate.
  2488 | D:3      | Found a runed translucent gate.
  2488 | D:3      | Found a runed translucent gate.
  2629 | D:3      | Found a hazy altar of Hepliaklqana.
  2640 | D:3      | Found Toas's Antique Weapon Boutique.
  2927 | D:3      | Noticed voltaire321's ghost (amateur OpAE)
  3261 | D:4      | Found a glowing drain.
  3303 | Sewer    | Entered a sewer
  3352 | Sewer    | Reached XP level 6. HP: 62/68 MP: 6/6
  3425 | Sewer    | Noticed a water moccasin
  3428 | Sewer    | Killed a water moccasin
  3429 | Sewer    | Reached skill level 7 in Fighting
  3534 | D:4      | Reached skill level 8 in Fighting
  3534 | D:4      | Reached XP level 7. HP: 72/80 MP: 7/7
  4186 | D:5      | Entered Level 5 of the Dungeon
  4393 | D:5      | Reached skill level 9 in Fighting
  4716 | D:5      | Found a staircase to the Ecumenical Temple.
  4770 | D:5      | Found a sparkling altar of Nemelex Xobeh.
  4770 | D:5      | Found a basalt altar of Yredelemnul.
  4847 | Temple   | Entered the Ecumenical Temple
  4922 | Temple   | Became a worshipper of Warmaster Okawaru
  4971 | D:6      | Found Rimnurgh's Book Shop.
  4971 | D:6      | Noticed Sigmund
  4980 | D:6      | Killed Sigmund
  4981 | D:6      | Reached skill level 10 in Fighting
  4981 | D:6      | Reached XP level 8. HP: 80/93 MP: 8/8
  5656 | D:5      | Reached * piety under Okawaru
  6664 | D:6      | Reached skill level 11 in Fighting
  6869 | D:6      | Found Hueny's Weapon Boutique.
  6952 | D:6      | Found Finesoudd's Distillery.
  7801 | D:7      | Reached ** piety under Okawaru
  7802 | D:7      | Reached skill level 1 in Armour
  7812 | D:7      | Reached XP level 9. HP: 91/106 MP: 9/9
  7827 | D:7      | Reached skill level 1 in Maces & Flails
  8026 | D:7      | Reached skill level 12 in Fighting
  8486 | D:7      | Found a shimmering altar of Xom.
  9677 | D:7      | Reached skill level 5 in Armour
  9693 | D:7      | Reached *** piety under Okawaru
 10164 | D:7      | HP: 4/106 [poisoned by a killer bee]
 10167 | D:7      | HP: 1/106 [poisoned by a killer bee]
 10168 | D:7      | Succumbed to a killer bee's poison

Illustrated notes

Levels and vault maps discovered:
D:1:      ldierk_walled_garden, layout_loops_ring,
          shapermc_ecumenical_altar_mp_highgroup, minmay_tetromino_s2
D:2:      layout_loops_ring
D:3:      layout_rooms, nzn_hepliaklqana_mist_gate, gammafunk_ghost_necromancy,
          serial_shops, shop, uniq_ijyb
D:4:      layout_loops_ring, portal_sewer_entry_a, minmay_manual_mess
D:5:      layout_cave_pools, gammafunk_temple_overflow_wave,
          minmay_temple_entry_trees
D:6:      layout_basic, serial_shops, nicolae_shop_stone, shop, kennysheep_mini,
          minmay_misc_feat_more_columns, uniq_sigmund
D:7:      layout_basic, xom_confusion_cloud, feat_on_display
D:8:      layout_cave_pods, grunt_temple_overflow_forces_of_nature
Temple:   nicolae_temple_x_marks_the_god

Skill      XL: |  1  2  3  4  5  6  7  8  9 |
---------------+----------------------------+-----
Fighting       | 3 4 6 8 10 11 12 | 12.0
Throwing       | 5 6 7 8 |  8.0
Armour         | 1 5 |  5.7
Maces & Flails | 2 |  2.8
Dodging        | |  1.7
Stealth        | |  0.6

Action                   |  1- 3 |  4- 6 |  7- 9 || total
-------------------------+-------+-------+-------++-------
Melee: Short sword       |    88 |    85 |   310 ||   483
       Headbutt          |       |    17 |    72 ||    89
       Punch             |       |       |     1 ||     1
       Mace              |       |       |    52 ||    52
       Whip              |       |       |    26 ||    26
Throw: Stone             |    54 |    37 |   200 ||   291
       Large rock        |       |     5 |     5 ||    10
       Throwing net      |       |       |     2 ||     2
Invok: Heroism           |       |       |     1 ||     1
  Use: Scroll            |       |     6 |     9 ||    15
       Potion            |       |     1 |    10 ||    11
Armor: Robe              |    21 |    16 |    83 ||   120
       Skin              |       |       |    52 ||    52
Dodge: Dodged            |    50 |    42 |   283 ||   375

Table legend: (Time is in decaauts)
 A = Elapsed time spent in this place.
 B = Non-inter-level travel time spent in this place.
 C = Inter-level travel time spent in this place.
 D = Time resting spent in this place.
 E = Time spent auto-exploring this place.
 F = Levels seen in this place.
 G = Mean time per level.
                   A        B        C        D        E       F      G
               +--------+--------+--------+--------+--------+-----+--------+
         Total |  10012 |   9508 |    504 |    263 |   7821 |  10 | 1001.2 |
       Dungeon |   9738 |   9243 |    495 |    263 |   7614 |   8 | 1217.2 |
        Temple |     85 |     76 |      9 |      0 |     55 |   1 |   85.0 |
         Sewer |    189 |    189 |      0 |      0 |    151 |   1 |  189.0 |
               +--------+--------+--------+--------+--------+-----+--------+

Top non-repeatable levels by time:
     D:7: 2366 daAuts
     D:5: 2161 daAuts
     D:2: 1287 daAuts
     D:6: 1221 daAuts
     D:3: 954 daAuts
     D:4: 891 daAuts
     D:1: 815 daAuts
   Sewer: 189 daAuts
  Temple: 85 daAuts
     D:8: 40 daAuts
